 Dungeon Crawl Stone Soup version 0.29.0-13-gc9e81de378 (webtiles) character file.

Game seed: 7067740227691798202

13194 NinjaNoafa the Grappler (level 11, 0/109 (113) HPs)
             Began as a Troll Monk on Sept 7, 2022.
             Was an Elder of Ru.
             Killed by nerve-wracking pain
             ... invoked by an orc priest
              (13 damage)
             ... on level 11 of the Dungeon on Sept 8, 2022.
             The game lasted 00:28:04 (9076 turns).

NinjaNoafa the Grappler (Troll Monk)                Turns: 9076, Time: 00:28:04

HP:   0/109 (113)   AC:  9    Str: 24    XL:     11   Next: 72%
MP:   10/10         EV: 12    Int:  6    God:    Ru [****..]
Gold: 674           SH: 16    Dex: 13    Spells: 10/10 levels left

rFire   + . .      SeeInvis .     - Unarmed
rCold   + + +      Faith    .   a - +2 kite shield
rNeg    . . .      Spirit   .   J - +0 robe {rF+}
rPois   .          Reflect  +   t - +2 hat
rElec   .          Harm     .   C - +2 cloak
rCorr   .          Rampage  .   (gloves unavailable)
Will    .....                   (boots unavailable)
Stlth   ++........              j - amulet of reflection
HPRegen 1.08/turn               w - +4 ring of evasion
MPRegen 0.12/turn               i - ring of Winter {Fly rC+++ Str+3 Dex-3 Slay+3}

@: flying, lightly drained
A: large, unfitting armour, claws 3, regeneration 1, shaggy fur 1, tough skin 1,
inability to train dodging, inability to train armour, no earth magic, no hexes
magic, no translocations magic
a: Renounce Religion, Draw Out Power, Power Leap


You were on level 11 of the Dungeon.
You worshipped Ru.
Ru was greatly pleased with you.
You visited 2 branches of the dungeon, and saw 13 of its levels.

You collected 769 gold pieces.
You spent 95 gold pieces at shops.

Inventory:

Missiles
 d - 33 poisoned darts
 g - 116 stones
 s - 2 javelins (quivered)
 y - 10 boomerangs
 B - 3 boomerangs of dispersal
 E - 4 large rocks
 I - 4 throwing nets
Armour
 a - a +2 kite shield (worn)
 t - a +2 hat (worn)
 C - a +2 cloak (worn)
 J - a +0 robe of fire resistance (worn)
Jewellery
 i - the ring of Winter (right claw) {Fly rC+++ Str+3 Dex-3 Slay+3}
   (You found it on level 5 of the Dungeon)

   [ring of flight]

   Str:       It affects your strength (+3).
   Dex:       It affects your dexterity (-3).
   Slay:      It affects your accuracy & damage with ranged weapons and melee
   (+3).
   rC:        It renders you almost immune to cold.
   Fly:       It grants you flight.
 j - an amulet of reflection (around neck)
 n - a ring of protection from cold
 v - a +6 ring of intelligence
 w - a +4 ring of evasion (left claw)
 F - a +6 ring of intelligence
 G - a ring of protection from cold
 N - a ring of ice
Wands
 e - a wand of iceblast (6)
 x - a wand of charming (2)
 D - a wand of acid (8)
 H - a wand of polymorph (9)
 K - a wand of flame (5)
Scrolls
 f - 2 scrolls of teleportation
 h - 4 scrolls of blinking
 k - 4 scrolls of vulnerability
 m - 5 scrolls of fear
 o - a scroll of torment
 r - 3 scrolls of summoning
 z - a scroll of brand weapon
 L - a scroll of magic mapping
Potions
 b - a potion of lignification
 c - a potion of brilliance
 l - a potion of curing
 p - 2 potions of might
 q - a potion of attraction
 u - 2 potions of magic
 A - a potion of cancellation


   Skills:
 + Level 8.7 Fighting
 - Level 5.0 Throwing
 - Level 1.0 Stealth
 + Level 5.3 Shields
 - Level 11.0 Unarmed Combat
 - Level 5.0 Evocations


You had 10 spell levels left.
You didn't know any spells.
Your spell library contained the following spells:

 Spells                   Type           Power      Damage    Failure   Level
 Summon Small Mammal      Summ           0%         N/A       73%         1
 Poisonous Vapours        Pois/Air       0%         N/A       86%         2
 Call Canine Familiar     Summ           0%         N/A       97%         3
 Mephitic Cloud           Conj/Pois/Air  0%         N/A       97%         3
 Spider Form              Tmut/Pois      0%         N/A       97%         3
 Vampiric Draining        Necr           0%         2d6       97%         3
 Olgreb's Toxic Radiance  Pois           0%         N/A       100%        4
 Conjure Ball Lightning   Conj/Air       0%         3x3d6     100%        6
 Ozocubu's Refrigeration  Ice            0%         4d7       100%        7
 Storm Form               Tmut/Air       0%         N/A       100%        7
 Ignition                 Fire           0%         3d3       100%        8
 Slow                     Hex            Unusable   N/A       N/A         1
 Ensorcelled Hibernation  Hex/Ice        Unusable   N/A       N/A         2
 Confusing Touch          Hex            Unusable   N/A       N/A         3
 Summon Guardian Golem    Hex/Summ       Unusable   N/A       N/A         3
 Anguish                  Hex/Necr       Unusable   N/A       N/A         4

Dungeon Overview and Level Annotations

Branches:
Dungeon (12/15)            Temple (1/1) D:6            Lair (0/5) D:8
    Orc (0/2) D:10

Altars:
Ashenzari
Dithmenos
Elyvilon
Fedhas
Gozag
Hepliaklqana
Kikubaaqudgha
Makhleb
Nemelex Xobeh
Okawaru
Qazlal
Ru
Sif Muna
Trog
Uskayaw
Vehumet
Wu Jian
Xom
Yredelemnul
Zin
The Shining One

Shops:
D:5 (=(!(*


Innate Abilities, Weirdness & Mutations

You are too large for most types of armour.
You have claws for hands.
Your natural rate of healing is unusually fast.
You are covered in fur. (AC +1)
You have tough skin. (AC +1)
You cannot train Dodging skill.
You cannot train Armour skill.
You cannot study or cast Earth magic.
You cannot study or cast Hexes magic.
You cannot study or cast Translocations magic.


Message History

You mangle something!!
Reactivating autopickup.
You feel a bit more experienced.
The orc priest invokes the aid of Beogh against you.
Pain shoots through your body!
You focus your inner power and blind the orc priest in retribution!
Things that are here:
a +0 dagger; a +0 robe The orc attacks as you move away!
The orc hits you with a +0 flail.
You redirect the orc priest's attack!
You block the orc priest's attack.
You barely miss the orc priest. You block the orc priest's attack.
You block the orc's attack.
You scratch the orc priest but do no damage.
The orc priest mumbles some strange prayers to Beogh against you.
Beogh smites you!
* * * LOW HITPOINT WARNING * * *
The orc barely misses you.
You closely miss the orc priest.
The orc priest hits you but does no damage.
The orc hits you with a +0 flail!
* * * LOW HITPOINT WARNING * * *
You strike the helpless orc priest from behind!
You claw the orc priest!
The orc priest is severely wounded.
You block the orc's attack.
You mangle the orc!!
You kill the orc!
The orc priest is no longer blind.
The orc priest calls down the wrath of Beogh upon you.
Beogh smites you!
* * * LOW HITPOINT WARNING * * *
You closely miss the orc priest.
The orc priest is severely wounded.
The orc priest casts a cantrip, but nothing happens.
You closely miss the orc priest.
The orc priest is severely wounded.
The orc priest mumbles some strange prayers to Beogh against you.
Pain shoots through your body!
You die...

############.
#>...<.......
#............
#...)).......
#....@.......
#....o..####+
#####.### #+#


You could see an orc priest.

Vanquished Creatures
  Erolcha (D:10)
  Harold (D:9)
  Fannar (D:10)
  A two-headed ogre (D:12)
  A manticore (D:12)
  3 cyclopes
  Joseph (D:9)
  2 trolls
  A slime creature (D:6)
  Sigmund (D:2)
  6 yaks (D:10)
  Eustachio (D:5)
  A wraith (D:12)
  A wyvern (D:8)
  A steam dragon (D:9)
  2 water moccasins (D:6)
  7 orc warriors
  4 sky beasts
  2 ice beasts
  3 black bears
  8 ogres
  5 centaurs
  4 kobold brigands
  2 phantoms
  5 gnoll sergeants
  3 bullfrogs
  A scorpion (D:6)
  A necrophage (D:8)
  11 wights
  27 killer bees
  4 howler monkeys (D:9)
  5 orc priests
  A hound (D:4)
  8 jellies
  Crazy Yiuf (D:4)
  Ijyb (D:4)
  A gnoll bouda (D:9)
  3 iguanas (D:5)
  10 orc wizards
  11 gnolls
  7 adders
  A shadow imp (D:8)
  2 white imps
  A worm (D:2)
  39 orcs
  12 endoplasms
  2 giant cockroaches
  6 goblins
  5 hobgoblins
  21 jackals
  4 quokkas
  2 ball pythons
  5 bats
  2 frilled lizards
  23 kobolds
  4 rats
  A bush (D:5)
290 creatures vanquished.

Vanquished Creatures (others)
  A vampire (D:12)
  2 killer bees
  9 fungi
  4 plants (D:8)
16 creatures vanquished.

Grand Total: 306 creatures vanquished

Notes
Turn   | Place    | Note
-------+----------+-------------------------------------------
     0 | D:1      | NinjaNoafa the Troll Monk began the quest for the Orb.
     0 | D:1      | Reached XP level 1. HP: 22/22 MP: 0/0
   125 | D:1      | Reached XP level 2. HP: 27/29 MP: 1/1
   295 | D:1      | Reached skill level 4 in Unarmed Combat
   333 | D:1      | Reached XP level 3. HP: 36/36 MP: 2/2
   415 | D:1      | Found a faded altar of an unknown god.
  1063 | D:2      | Noticed Sigmund
  1079 | D:2      | Killed Sigmund
  1080 | D:2      | Reached skill level 6 in Unarmed Combat
  1080 | D:2      | Reached XP level 4. HP: 44/44 MP: 3/3
  1080 | D:2      | Reached XP level 5. HP: 50/50 MP: 4/4
  2230 | D:4      | Noticed Ijyb
  2240 | D:4      | Killed Ijyb
  2241 | D:4      | Reached XP level 6. HP: 59/59 MP: 5/5
  2278 | D:4      | Reached skill level 7 in Unarmed Combat
  2323 | D:4      | Found an ancient bone altar of Kikubaaqudgha.
  2323 | D:4      | Found a shimmering blue altar of Sif Muna.
  2545 | D:4      | Found a shimmering altar of Xom.
  2963 | D:4      | Found a runed translucent door.
  2964 | D:4      | Noticed Crazy Yiuf
  2971 | D:4      | Killed Crazy Yiuf
  3040 | D:5      | Entered Level 5 of the Dungeon
  3145 | D:5      | Noticed Eustachio
  3171 | D:5      | Killed Eustachio
  3172 | D:5      | Reached XP level 7. HP: 63/71 MP: 6/6
  3195 | D:5      | Reached skill level 5 in Fighting
  3273 | D:5      | Reached skill level 1 in Evocations
  3279 | D:5      | Reached XP level 8. HP: 56/80 MP: 7/7
  3360 | D:5      | Identified the ring of Winter {Fly rC+++ Str+3 Dex-3
                  | Slay+3}
  3430 | D:5      | Found Duaz's Antique Weapon Boutique.
  3431 | D:5      | Found Hikhlinaw's Weapon Shop.
  3432 | D:5      | Found Uxoar's General Store.
  3432 | D:5      | Found Vin Fei's Distillery.
  3433 | D:5      | Found Bathreaf's Jewellery Emporium.
  3433 | D:5      | Found Xamoetz's Antique Weapon Boutique.
  3441 | D:5      | Bought a scroll of identify for 30 gold pieces
  3443 | D:5      | Bought a potion of berserk rage for 65 gold pieces
  3659 | D:5      | Found a hazy altar of Hepliaklqana.
  3659 | D:5      | Found a white marble altar of Elyvilon.
  3660 | D:5      | Found a glowing golden altar of the Shining One.
  4204 | D:6      | Found a staircase to the Ecumenical Temple.
  4248 | D:6      | Got the Lectures on the Zephyr
  4257 | Temple   | Entered the Ecumenical Temple
  4609 | Temple   | Became a worshipper of Ru the Awakened
  4646 | Temple   | Gained mutation: You cannot study or cast Earth magic. [Ru
                  | sacrifice]
  4646 | Temple   | Gained mutation: You cannot study or cast Hexes magic. [Ru
                  | sacrifice]
  4646 | Temple   | Gained mutation: You cannot study or cast Translocations
                  | magic. [Ru sacrifice]
  4646 | Temple   | Reached * piety under Ru
  4656 | D:6      | Reached skill level 1 in Throwing
  4674 | D:6      | Found a basalt altar of Yredelemnul.
  4737 | D:6      | Noticed a slime creature
  4746 | D:6      | Reached skill level 5 in Dodging
  4756 | D:6      | Killed a slime creature
  4757 | D:6      | Reached XP level 9. HP: 65/88 MP: 8/8
  5281 | D:7      | Noticed a cyclops
  5297 | D:7      | Killed a cyclops
  5298 | D:7      | Reached skill level 5 in Evocations
  5307 | D:7      | Reached skill level 5 in Throwing
  5629 | D:7      | Found a hide-covered altar of Uskayaw.
  5634 | D:7      | Reached skill level 8 in Unarmed Combat
  6031 | D:8      | Found a staircase to the Lair.
  6060 | D:8      | Reached XP level 10. HP: 95/98 MP: 9/9
  6149 | D:8      | Gained mutation: You cannot train Armour skill. [Ru
                  | sacrifice]
  6149 | D:8      | Reached ** piety under Ru
  6491 | D:9      | Noticed Joseph
  6498 | D:9      | Killed Joseph
  6554 | D:9      | Noticed Harold
  6572 | D:9      | Killed Harold
  6573 | D:9      | Reached skill level 9 in Unarmed Combat
  6915 | D:9      | Reached skill level 10 in Unarmed Combat
  7535 | D:9      | Reached skill level 11 in Unarmed Combat
  7663 | D:10     | Entered Level 10 of the Dungeon
  7673 | D:10     | Reached skill level 1 in Shields
  7790 | D:10     | Noticed Fannar
  7809 | D:10     | Killed Fannar
  7810 | D:10     | Reached XP level 11. HP: 91/109 MP: 10/10
  7904 | D:10     | Noticed Erolcha
  7913 | D:10     | Killed Erolcha
  7956 | D:10     | Found a staircase to the Orcish Mines.
  8606 | D:10     | Found a radiant altar of Vehumet.
  8623 | D:10     | Gained mutation: You cannot train Dodging skill. [Ru
                  | sacrifice]
  8623 | D:10     | Reached *** piety under Ru
  8623 | D:10     | Reached **** piety under Ru
  8796 | D:10     | You are sucked into a shaft and drop 2 floors!
  8998 | D:12     | Noticed a two-headed ogre
  9008 | D:12     | Killed a two-headed ogre
  9013 | D:12     | Reached skill level 5 in Shields
  9034 | D:12     | Noticed a deep elf pyromancer
  9043 | D:12     | Noticed a boulder beetle
  9043 | D:12     | Noticed a seven-headed hydra
  9076 | D:11     | Killed from afar by an orc priest

Illustrated notes

Levels and vault maps discovered:
D:1:      scummos_arrival_hexagon, layout_loops_cross,
          hellmonk_ecumenical_altar_inner_sanctum, roderic_serpentine_path
D:2:      layout_basic, uniq_sigmund
D:3:      minmay_general_purpose_star, layout_basic, lemuel_another_geyser
D:4:      layout_basic, lemuel_doored_altar,
          mainiacjoe_overflow_large_starburst, uniq_crazy_yiuf_cottage,
          uniq_ijyb
D:5:      layout_basic, gammafunk_temple_overflow_claw,
          nicolae_wooded_promenade, minmay_hedge_maze, uniq_eustachio
D:6:      lemuel_slime, layout_cave_pools, yredelemnul_altar_generic,
          minmay_temple_entry_arrows, supply_closet_lemuel
D:7:      layout_basic, nicolae_uskayaw_murder_on_the_dancefloor,
          grunt_ministairs_6
D:8:      layout_cave_pools, dpeg_oklobed_lair, chequers_hall_statues_wall_a,
          amcnicky_mini_rare_corridor_liquid, grunt_ogre_cave
D:9:      layout_basic, uniq_joseph, uniq_harold
D:10:     layout_stronghold, nicolae_vehumet_altar_sigil,
          general_overflow_altar, kennysheep_orc_monster_closet_entryway,
          uniq_erolcha, uniq_fannar
D:11:     layout_basic, portal_ice_cave_entry_imps
D:12:     minmay_blocking_statues, layout_rooms
Temple:   minmay_temple_forest_path

Skill      XL: |  1  2  3  4  5  6  7  8  9 10 11 |
---------------+----------------------------------+-----
Unarmed Combat | 4 6 7 8 11 | 11.0
Fighting       | 4 5 6 7 8 |  8.7
Evocations     | 1 4 5 |  5.0
Dodging        | 3 5 0 |  0.0
Throwing       | 2 5 |  5.0
Shields        | 2 5 |  5.3
Stealth        | |  1.0

Action                   |  1- 3 |  4- 6 |  7- 9 | 10-12 || total
-------------------------+-------+-------+-------+-------++-------
Melee: Unarmed           |    92 |   123 |   259 |   334 ||   808
       Punch             |     1 |     7 |    10 |     3 ||    21
Throw: Javelin           |       |     2 |     5 |    17 ||    24
       Dart              |       |       |     2 |       ||     2
       Boomerang         |       |       |       |     4 ||     4
Invok: Sacrifice Arcana  |       |       |     1 |       ||     1
       Sacrifice Durabil |       |       |       |     1 ||     1
       Power Leap        |       |       |       |     5 ||     5
       Draw Out Power    |       |       |       |     1 ||     1
       Sacrifice Nimblen |       |       |       |     1 ||     1
Evoke: Wand              |       |       |     3 |     6 ||     9
  Use: Potion            |     2 |     5 |     9 |     6 ||    22
       Scroll            |       |       |    16 |     9 ||    25
 Stab: Sleeping          |     1 |     1 |     2 |     1 ||     5
       Invisible         |       |       |       |     1 ||     1
Armor: Robe              |    36 |    50 |    63 |    92 ||   241
       Skin              |     4 |       |       |       ||     4
Dodge: Dodged            |    48 |    78 |   165 |   222 ||   513
Block: Other             |     4 |    28 |    61 |    19 ||   112
       Reflection        |       |       |     2 |     9 ||    11
       Kite shield       |       |       |       |   287 ||   287
